 Dungeon Crawl Stone Soup version 0.21-a0-125-gb006224 (webtiles) character file.

46 Celandrion the Sneak (level 3, 0/24 HPs)
             Began as a Vampire Conjurer on July 15, 2017.
             Slain by an adder (3 damage)
             ... on level 2 of the Dungeon.
             The game lasted 00:04:40 (1504 turns).

Celandrion the Sneak (Vampire Conjurer)             Turns: 1504, Time: 00:04:41

Health: 0/24       AC:  2    Str:  7    XL:     3   Next: 44%
Magic:  0/6        EV: 13    Int: 18    God:
Gold:   59         SH:  0    Dex: 14    Spells: 3/6 levels left

rFire    . . .     SeeInvis +   e - +0 dagger
rCold    . . .     Gourm    .   (no shield)
rNeg     + . .     Faith    .   a - +0 robe
rPois    .         Spirit   .   (no helmet)
rElec    .         Reflect  .   (no cloak)
rCorr    .         Harm     .   (no gloves)
MR       .....                  (no boots)
Stlth    +++.......             (no amulet)
HPRegen  0.08/turn              (no ring)
MPRegen  0.10/turn              (no ring)

@: lethally poisoned (0 -> -4)
A: fangs 3, see invisible, unbreathing
a: Bat Form


You were on level 2 of the Dungeon.
You were not thirsty.

You visited 1 branch of the dungeon, and saw 4 of its levels.

You collected 59 gold pieces.

Inventory:

Hand Weapons
 e - a +0 dagger (weapon)
Armour
 a - a +0 robe (worn)
 g - a cursed +0 shield
Scrolls
 c - a scroll of fear {unknown}
Potions
 d - a potion of resistance
 f - a potion of degeneration {unknown}
 h - a potion of agility {unknown}
 q - 7 potions of blood
Books
 b - a book of Conjurations

   Spells                             Type                      Level
   a - Magic Dart                     Conjuration                  1
   b - Searing Ray                    Conjuration                  2
   c - Dazzling Spray                 Conjuration/Hexes            3
   d - Fulminant Prism                Conjuration/Hexes            4
   e - Force Lance                    Conjuration/Translocation    4
   f - Iskenderun's Mystic Blast      Conjuration                  4


   Skills:
 + Level 2.7 Dodging
 + Level 4.2 Stealth
 + Level 2.3 Spellcasting
 + Level 3.2 Conjurations


You had 3 spell levels left.
You knew the following spells:

 Your Spells              Type           Power        Failure   Level  Hunger
a - Magic Dart            Conj           ##..         4%          1    #......
b - Searing Ray           Conj           ##....       7%          2    ##.....


Dungeon Overview and Level Annotations

Branches:
Dungeon (4/15)
 Temple: D:4-7

Altars:
Gozag


Innate Abilities, Weirdness & Mutations

You have razor-sharp teeth.
You have supernaturally acute eyesight. (SInv)
You can survive without breathing.


Message History

Aim: an adder (almost dead)
The magic dart hits the adder.
The adder is almost dead.
The kobold shouts!
You feel sick.
The kobold hits you from afar with a spear.
* * * LOW HITPOINT WARNING * * *
The adder barely misses you. The adder closely misses you.
You miss the adder.
The adder is almost dead.
* * * LOW HITPOINT WARNING * * *
You feel sick. The kobold barely misses you. The adder barely misses you.
Unknown command.
You closely miss the adder.
The adder is almost dead.
The kobold hits you from afar with a spear.
* * * LOW HITPOINT WARNING * * *
The adder bites you.
You die...

### #### #.. ...
#.####.### #.##..)..##
#.#.!.....# #.#.......#.
######### #.KS@._.....
#.......#####.#.......#.
##.####...(#..#...(...#
#......##.#..##.....##
#####........####.###
##.....##.....).....
###..###..##....######
.# ....##
##..........#### #.#
##### ###...........##
#..#


You could see an adder and a kobold.

Vanquished Creatures
  An adder (D:2)
  A leopard gecko (D:1)
  An orc (D:2)
  A giant cockroach (D:1)
  6 goblins
  4 hobgoblins
  3 jackals (D:2)
  2 kobolds (D:1)
  7 bats
  2 frilled lizards (D:1)
  3 rats (D:1)
31 creatures vanquished.

Notes
Turn   | Place    | Note
-------+----------+-------------------------------------------
     0 | D:1      | Celandrion the Vampire Conjurer began the quest for the Orb.
     0 | D:1      | Reached XP level 1. HP: 13/13 MP: 3/3
   293 | D:1      | Reached XP level 2. HP: 19/19 MP: 0/5
   372 | D:1      | Learned a level 2 spell: Searing Ray
  1048 | D:2      | Reached skill level 4 in Stealth
  1105 | D:2      | Reached XP level 3. HP: 18/24 MP: 1/6
  1278 | D:2      | You fall through a shaft for 2 floors!
  1479 | D:2      | Found an opulent altar of Gozag.
  1504 | D:2      | Slain by an adder

Vault maps used:
D:1:      mrwooster_arrival_statue_2
D:2:      old_standard_altar, minmay_item_behind_shaft,
          nicolae_dithmenos_through_a_glass_darkly
D:4:      nicolae_ashenzari_panopticon, lightli_minifort

Skill      XL: |  1  2 |
---------------+-------+-----
Conjurations   | 3 |  3.2
Stealth        | 4 |  4.2
Dodging        | |  2.7
Spellcasting   | |  2.3

Action                   || total
-------------------------++-------
Melee: Unarmed           ||     9
       Dagger            ||    69
       Bite              ||     7
 Cast: Magic Dart        ||    59
       Searing Ray       ||     1
  Use: Potion            ||     7
       Scroll            ||     1
Armor: Robe              ||    17
Dodge: Dodged            ||    51
